 Dungeon Crawl Stone Soup version 0.21-a0-538-gd16b88a (webtiles) character file.

72 slep the Chopper (level 4, 0/34 HPs)
             Began as a Barachi Gladiator on Dec 15, 2017.
             Slain by a gnoll
             ... wielding a cursed +0 spear
              (4 damage)
             ... on level 3 of the Dungeon.
             The game lasted 00:03:07 (1178 turns).

slep the Chopper (Barachi Gladiator)                Turns: 1178, Time: 00:03:08

Health: 0/34       AC:  4    Str: 20    XL:     4   Next: 25%
Magic:  4/4        EV: 13    Int:  8    God:
Gold:   47         SH:  0    Dex: 14    Spells: 3/3 levels left

rFire    . . .     SeeInvis .   a - +0 war axe
rCold    . . .     Gourm    .   (no shield)
rNeg     . . .     Faith    .   b - +0 leather armour
rPois    .         Spirit   .   h - +0 helmet (curse)
rElec    .         Reflect  .   (no cloak)
rCorr    .         Harm     .   (no gloves)
MR       .....                  (no boots)
Stlth    +.........             (no amulet)
HPRegen  0.11/turn              e - +4 ring of strength
MPRegen  0.09/turn              (no ring)

@: slow
A: +LOS, swims, slowness 1, strong legs 1
a: Hop


You were on level 3 of the Dungeon.
You were near starving.

You visited 1 branch of the dungeon, and saw 3 of its levels.

You collected 47 gold pieces.

Inventory:

Hand Weapons
 a - a +0 war axe (weapon)
Missiles
 d - 3 throwing nets (quivered)
 m - 7 tomahawks
Armour
 b - a +0 leather armour (worn)
 c - a +0 helmet
 h - a cursed +0 helmet (worn)
Jewellery
 e - a +4 ring of strength (left hand)
Scrolls
 i - a scroll of immolation {unknown}
 j - 4 scrolls of identify {unknown}
 k - a scroll of noise {unknown}
 n - 3 scrolls of teleportation {unknown}
 o - a scroll of magic mapping {unknown}
 p - a scroll of enchant weapon {unknown}
 s - a scroll of blinking {unknown}
 t - a scroll of remove curse {unknown}
Potions
 q - a potion of curing {unknown}
 r - a potion of degeneration {unknown}
Comestibles
 f - a bread ration
 g - 2 meat rations
 l - 3 royal jellies


   Skills:
 + Level 2.9 Fighting
 + Level 4.4 Axes
 + Level 2.0 Throwing
 + Level 0.7 Armour
 + Level 4.0 Dodging
 + Level 0.2 Stealth


You had 3 spell levels left.
You didn't know any spells.

Dungeon Overview and Level Annotations

Branches:
Dungeon (3/15)

Altars:


Innate Abilities, Weirdness & Mutations

Shadows flee at your approach. (+LOS)
You can swim through water.
You cover ground slowly.
You can hop short distances.


Message History

You slash the hobgoblin!
You kill the hobgoblin!
The gnoll closely misses you.
You hit the gnoll.
The gnoll is moderately wounded.
The gnoll hits you with a flail! The gnoll misses you.
You slash the gnoll!
You kill the gnoll!
You barely miss the gnoll. The gnoll hits you with a whip!
* * * LOW HITPOINT WARNING * * *
The gnoll hits you from afar with a spear.
* * * LOW HITPOINT WARNING * * *
The gnoll closely misses you. The gnoll closely misses you.
The gnoll hits you with a whip.
* * * LOW HITPOINT WARNING * * *
You see here a flail.
You slash the gnoll!
The gnoll is almost dead.
You hit the gnoll. The gnoll hits you with a spear.
You die...

#.# ####.###
#..<...#
#......#
#.(....###.#
#..........
#.##......####
#.........#
####..g@..#
#...g..#
#.?....#
#......#
#####... ###[
##


You could see 2 gnolls.

Vanquished Creatures
  2 gnolls
  An adder (D:2)
  An ooze (D:2)
  2 dart slugs (D:1)
  5 giant cockroaches (D:1)
  2 goblins
  4 hobgoblins
  4 kobolds
  A quokka (D:2)
  6 bats
  6 rats
34 creatures vanquished.

Notes
Turn   | Place    | Note
-------+----------+-------------------------------------------
     0 | D:1      | slep the Barachi Gladiator began the quest for the Orb.
     0 | D:1      | Reached XP level 1. HP: 17/17 MP: 1/1
    57 | D:1      | Reached XP level 2. HP: 8/23 MP: 2/2
   150 | D:1      | Reached XP level 3. HP: 6/28 MP: 3/3
   838 | D:2      | Reached XP level 4. HP: 34/34 MP: 4/4
  1178 | D:3      | Slain by a gnoll

Vault maps used:
D:1:      elethiomel_arrival_infinity_welcomes_careful_drivers
D:3:      minivault_27, uniq_sigmund, uniq_terence

Skill      XL: |  1  2  3 |
---------------+----------+-----
Dodging        | 4 |  4.0
Axes           | 4 |  4.4
Fighting       | |  2.9
Throwing       | |  2.0
Armour         | |  0.7
Stealth        | |  0.2

Action                   |  1- 3 |  4- 6 || total
-------------------------+-------+-------++-------
Melee: War axe           |    81 |    10 ||    91
 Stab: Sleeping          |     1 |     1 ||     2
Armor: Leather armour    |    24 |     3 ||    27
Dodge: Dodged            |    61 |    10 ||    71

Table legend:
 A = Spawn XP
 B = Non-spawn XP
 C = Spawn XP percentage of total XP
 D = Spawn monster count
 E = Non-spawn monster count
 F = Spawn count percentage of total count
 G = Total turns spent on level
                    A         B        C        D         E        F      G
               +---------+---------+-------+---------+---------+-------+---------
         Total |       0 |     103 |   0.0 |       0 |      34 |   0.0 |  1178
               +---------+---------+-------+---------+---------+-------+---------
           D:1 |       0 |      48 |   0.0 |       0 |      19 |   0.0 |   511
           D:2 |       0 |      38 |   0.0 |       0 |      12 |   0.0 |   655
           D:3 |       0 |      17 |   0.0 |       0 |       3 |   0.0 |    12
               +---------+---------+-------+---------+---------+-------+---------
